 Dungeon Crawl Stone Soup version 0.30-a0-737-gf23d94013f (webtiles) character file.

Game seed: 13546454411101035566

58 CrazyBamboolord the Caller (level 3, -3/15 HPs)
             Began as a Felid Summoner on Feb 2, 2023.
             Slain by an orc wizard
             ... wielding a +3 dagger of speed
              (4 damage)
             ... on level 3 of the Dungeon.
             The game lasted 00:04:35 (1697 turns).

CrazyBamboolord the Caller (Felid Summoner)         Turns: 1697, Time: 00:04:36

Health: -3/15      AC:  1    Str:  4    XL:     3   Next: 75%
Magic:  13/16      EV: 17    Int: 18    God:
Gold:   54         SH:  0    Dex: 16    Spells: 0/6 levels left
                                        Lives:  0   Deaths: 0

rFire   . . .      SeeInvis +      - Unarmed
rCold   . . .      Faith    .    (shield unavailable)
rNeg    . . .      Spirit   .    (body armour unavailable)
rPois   .          Reflect  .    (helmet unavailable)
rElec   .          Harm     .    (cloak unavailable)
rCorr   +          Rampage  .    (gloves unavailable)
Will    .....                    (boots unavailable)
Stlth   ++                       (no amulet)
HPRegen 0.22/turn                h - ring of magical power
MPRegen 0.15/turn                j - ring of resist corrosion

@: quick
A: very small, claws 1, fangs 3, see invisible, speed 1, shaggy fur 1, stealthy
paws, no weapons or thrown items, no armour, multi-lived
a: no special abilities


You were on level 3 of the Dungeon.
You visited 1 branch of the dungeon, and saw 3 of its levels.

You collected 177 gold pieces.
You spent 123 gold pieces at shops.

Inventory:

Jewellery
 g - an amulet of faith
 h - a ring of magical power (left paw)
 j - a ring of resist corrosion (right paw)
Scrolls
 c - 2 scrolls of amnesia
 f - a scroll of noise {unknown}
 i - a scroll of blinking
Potions
 a - a potion of magic
 b - 2 potions of curing
 d - a potion of heal wounds {unknown}
 e - 3 potions of haste


   Skills:
 * Level 0.8 Fighting
 * Level 3.1 Dodging
 + Level 3.0 Stealth
 * Level 1.1 Unarmed Combat
 * Level 2.3 Spellcasting
 * Level 4.6 Summonings


You couldn't memorise any spells.
You knew the following spells:

 Your Spells              Type           Power      Damage    Failure   Level
a - Summon Small Mammal   Summ           72%        N/A       2%          1
b - Call Imp              Summ           18%        N/A       4%          2
c - Call Canine Familiar  Summ           18%        N/A       8%          3

Your spell library contained the following spells:

 Spells                   Type           Power      Damage    Failure   Level
 Summon Guardian Golem    Hex/Summ       10%        N/A       21%         3
 Summon Lightning Spire   Summ/Air       10%        N/A       56%         4


Dungeon Overview and Level Annotations

Branches:
Dungeon (3/15)

Altars:
Qazlal

Shops:
D:2 ?

Annotations:
D:3 2 runed translucent doors, toympanos's ghost, amateur HuFi


Innate Abilities, Weirdness & Mutations

You have sharp claws.
You have razor-sharp teeth.
You have supernaturally acute eyesight. (SInv)
You cover ground quickly. (Speed+)
You are covered in fur. (AC +1)
Your paws help you pounce on unaware monsters.
You are incapable of wielding weapons or throwing items.
You cannot wear armour.
You gain extra lives every three experience levels.


Message History

The orc wizard completely misses your iron imp.
The orc wizard hits your iron imp with a +3 dagger of speed.
The orc wizard barely misses your iron imp.
The orc wizard casts a spell at you. The puff of flame hits your hound!
Your iron imp barely misses the orc wizard.
Your hound bites the orc wizard.
The orc wizard hits your hound with a +3 dagger of speed.
Your hound barely misses the orc wizard.
The orc wizard hits your hound with a +3 dagger of speed.
Your hound dies!
Your hound's corpse disappears in a puff of smoke!
Your iron imp hits the orc wizard but does no damage.
The orc wizard gestures at you while chanting.
You resist with some effort.
The orc wizard hits you with a +3 dagger of speed.
You closely miss the orc wizard.
The orc wizard is heavily wounded.
Your iron imp seems less confused.
The orc wizard misses you. x2
You closely miss the orc wizard.
You bite the orc wizard, but do no damage.
The orc wizard is heavily wounded.
Your iron imp barely misses the orc wizard.
The orc wizard misses you.
You scratch the orc wizard.
The orc wizard is heavily wounded.
The orc wizard hits you with a +3 dagger of speed.
Your iron imp closely misses the orc wizard.
The orc wizard misses you.
You scratch the orc wizard.
The orc wizard is severely wounded.
The orc wizard completely misses you.
Your iron imp barely misses the orc wizard.
You closely miss the orc wizard.
The orc wizard is severely wounded.
The orc wizard hits you with a +3 dagger of speed.
* * * LOW HITPOINT WARNING * * *
The orc wizard hits you with a +3 dagger of speed.
You die...

######## ### #......#
#####.##
##.####.######......#
#.....<........###.##
#..#.##@######## #.#
#..#.##o# #####.##
#......5# #......#
#..####.# ####.###.##
#..####.###......###
#...........##.#.#
###.##.......##.#.#
##...##.....5.##.. .
#.###.#.......####..#


You could see an orc wizard (ally target) and a friendly iron imp (summoned).

Vanquished Creatures
  2 adders (D:2)
  A worm (D:2)
  A dart slug (D:3)
  2 bats (D:1)
  An endoplasm (D:2)
  4 giant cockroaches
  3 goblins
  A hobgoblin (D:2)
  A quokka (D:2)
  5 ball pythons
  3 frilled lizards
  3 kobolds (D:2)
  2 rats
29 creatures vanquished.

Vanquished Creatures (collateral kills)
  An orc (D:3)
  2 endoplasms (D:1)
  2 kobolds
5 creatures vanquished.

Grand Total: 34 creatures vanquished

Notes
Turn   | Place    | Note
-------+----------+-------------------------------------------
     0 | D:1      | CrazyBamboolord the Felid Summoner began the quest for the
                  | Orb.
     0 | D:1      | Reached XP level 1. HP: 7/7 MP: 4/4
   173 | D:1      | Reached XP level 2. HP: 5/12 MP: 4/6
   524 | D:1      | Learned a level 2 spell: Call Imp
   734 | D:2      | Reached XP level 3. HP: 14/15 MP: 4/7
   918 | D:2      | Found Bethrizy's Magic Scroll Shoppe.
   934 | D:2      | Reached skill level 1 in Unarmed Combat
   946 | D:2      | Bought a scroll of blinking for 97 gold pieces
   946 | D:2      | Bought a scroll of identify for 26 gold pieces
  1476 | D:2      | Learned a level 3 spell: Call Canine Familiar
  1504 | D:3      | Found a stormy altar of Qazlal.
  1577 | D:3      | Found a large runed translucent door.
  1577 | D:3      | Found a large runed translucent door.
  1581 | D:3      | Noticed toympanos's ghost (amateur HuFi)
  1697 | D:3      | Slain by an orc wizard

Illustrated notes

Levels and vault maps discovered:
D:1:      matt_arrival_los_fun, layout_rooms
D:2:      layout_loops_ring, serial_shops, shop_fountains,
          kennysheep_generic_room_13
D:3:      minmay_goblin_kobold_castle, layout_loops_cross,
          mainiacjoe_overflow_catwalk, nicolae_qazlal_scattered_showers,
          hellmonk_ecumenical_altar_inner_sanctum, ebering_ghost_disaster_area

Skill      XL: |  1  2  3 |
---------------+----------+-----
Unarmed Combat | 1 |  1.1
Dodging        | 3 |  3.1
Stealth        | 3 |  3.0
Fighting       | |  0.8
Spellcasting   | |  2.3
Summonings     | |  4.6

Action                     || total
---------------------------++-------
  Melee: Unarmed           ||   134
         Bite              ||    19
   Cast: Summon Small Mamm ||     8
         Call Imp          ||    15
         Call Canine Famil ||     2
    Use: Scroll            ||     3
   Stab: Sleeping          ||     7
         Distracted        ||     1
 Armour: Skin              ||     3
  Dodge: Dodged            ||   101

Table legend: (Time is in decaauts)
 A = Elapsed time spent in this place.
 B = Non-inter-level travel time spent in this place.
 C = Inter-level travel time spent in this place.
 D = Time resting spent in this place.
 E = Time spent auto-exploring this place.
 F = Levels seen in this place.
 G = Mean time per level.
                   A        B        C        D        E       F      G
               +--------+--------+--------+--------+--------+-----+--------+
         Total |   1471 |   1436 |     35 |     12 |   1076 |   3 |  490.3 |
       Dungeon |   1471 |   1436 |     35 |     12 |   1076 |   3 |  490.3 |
               +--------+--------+--------+--------+--------+-----+--------+

Top non-repeatable levels by time:
     D:2: 828 daAuts
     D:1: 470 daAuts
     D:3: 172 daAuts
